 Dungeon Crawl Stone Soup version 0.21-a0-348-ga060c75 (webtiles) character file.

550 Amnesiac the Ducker (level 7, 0/43 HPs)
             Began as a Deep Elf Ice Elementalist on Oct 6, 2017.
             Slain by a centaur zombie (2 damage)
             ... on level 6 of the Dungeon.
             The game lasted 00:08:20 (2582 turns).

Amnesiac the Ducker (Deep Elf Ice Elementalist)     Turns: 2582, Time: 00:08:21

Health: 0/43       AC:  3    Str:  5    XL:     7   Next: 7%
Magic:  7/13       EV: 16    Int: 22    God:
Gold:   151        SH:  0    Dex: 15    Spells: 4/12 levels left

rFire    + . .     SeeInvis .   (no weapon)
rCold    . . .     Gourm    .   (no shield)
rNeg     . . .     Faith    .   a - +0 robe
rPois    .         Spirit   .   k - +0 helmet
rElec    .         Reflect  .   (no cloak)
rCorr    .         Harm     .   (no gloves)
MR       .....                  (no boots)
Stlth    ++........             (no amulet)
HPRegen  0.14/turn              f - ring of protection from fire
MPRegen  0.13/turn              o - ring of wizardry

@: no status effects
A: no striking features
a: no special abilities


You were on level 6 of the Dungeon.
You were not hungry.

You visited 1 branch of the dungeon, and saw 6 of its levels.

You collected 151 gold pieces.

Inventory:

Missiles
 l - 42 poisoned needles
Armour
 a - a +0 robe (worn)
 k - a +0 helmet (worn)
Jewellery
 f - a ring of protection from fire (left hand)
 o - a ring of wizardry (right hand)
Wands
 t - a wand of digging (8/24)
Scrolls
 d - 2 scrolls of magic mapping {!r, unknown}
 g - 3 scrolls of identify {!r, unknown}
 m - a scroll of enchant armour {!r, unknown}
 n - 2 scrolls of blinking {!r, unknown}
 p - 2 scrolls of teleportation {!r, unknown}
 s - a scroll of random uselessness {!r, unknown}
 u - a scroll of fear {!r, unknown}
Potions
 e - 2 potions of ambrosia {!q, unknown}
 i - a potion of agility {!q, unknown}
 q - a potion of mutation {!q, unknown}
Books
 b - a book of Frost

   Spells                             Type                      Level
   a - Freeze                         Ice                          1
   b - Throw Frost                    Conjuration/Ice              2
   c - Ozocubu's Armour               Charms/Ice                   3
   d - Throw Icicle                   Conjuration/Ice              4
   e - Summon Ice Beast               Ice/Summoning                4
Comestibles
 c - a bread ration
 h - a meat ration
 j - a royal jelly
 r - a fruit
 v - 2 chunks of flesh


   Skills:
 + Level 4.2 Fighting
 + Level 6.8 Dodging
 - Level 2.4 Stealth
 - Level 3.0 Spellcasting
 - Level 1.1 Conjurations
 - Level 3.2 Ice Magic


You had 4 spell levels left.
You knew the following spells:

 Your Spells              Type           Power        Failure   Level  Hunger
a - Freeze                Ice            ###.         1%          1    None
b - Ozocubu's Armour      Chrm/Ice       ##......     8%          3    ###....
d - Throw Icicle          Conj/Ice       ##......     21%         4    ####...


Dungeon Overview and Level Annotations

Branches:
Dungeon (6/15)
 Temple: D:4-7

Altars:
Ashenzari
Qazlal

Annotations:
D:3 sergedm's ghost, weakling DECj
D:4 Amnesiac's ghost, amateur DEIE; Dowan; Duvessa


Message History

Aim: an orc priest, wielding a dagger and wearing a wavering lead amulet You freeze the orc priest.
The orc priest is frozen!
The orc priest is almost dead.
The orc priest hits you with a dagger!
Casting: Freeze
Confirm with . or Enter, or press ? or * to list all spells.
Aiming: Freeze
Press: ? - help, Shift-Dir - straight line, f/p - orc priest
Aim: an orc priest, wielding a dagger and wearing a wavering lead amulet (almost dead)
You freeze the orc priest.
The orc priest is frozen!
You kill the orc priest!
You have reached level 7!
An orc and an orc wizard come into view.
An orc wizard comes into view. It is wielding a dagger.
Things that are here:
a dagger; a wavering lead amulet; a dagger There isn't anything to butcher here.
You start resting.
Casting: Freeze
Confirm with . or Enter, or press ? or * to list all spells.
Aiming: Freeze
Press: ? - help, Shift-Dir - straight line, f - orc wizard
Aim: an orc wizard, wielding a dagger and wearing a robe (hasn't noticed you)
You freeze the orc wizard.
The orc wizard shouts!
The orc wizard is heavily wounded.
You hear a shout!
The orc wizard gestures at you while chanting.
The magic dart hits you!
* * * LOW HITPOINT WARNING * * *
You hear a shout!
Casting: Freeze
Confirm with . or Enter, or press ? or * to list all spells.
Aiming: Freeze
Press: ? - help, Shift-Dir - straight line, f/p - orc wizard
Aim: an orc wizard, wielding a dagger and wearing a robe (heavily wounded)
You freeze the orc wizard.
The orc wizard is almost dead.
The orc wizard points at you and mumbles some strange words.
The magic dart hits you!
* * * LOW HITPOINT WARNING * * *
Casting: Freeze
Confirm with . or Enter, or press ? or * to list all spells.
Aiming: Freeze
Press: ? - help, Shift-Dir - straight line, f/p - orc wizard
Aim: an orc wizard, wielding a dagger and wearing a robe (almost dead)
You freeze the orc wizard.
You kill the orc wizard!
Things that are here:
a dagger; a robe; an orc corpse You butcher the orc corpse.
v - 3 chunks of flesh
Things that are here:
a dagger; a robe Eating one of 3 chunks of flesh.
You eat one of the 3 chunks of flesh.
This raw flesh tastes terrible.
There is a stone staircase leading down here.
The orc wizard gestures at you while chanting.
The puff of flame hits you! You resist.
* * * LOW HITPOINT WARNING * * *
You climb downwards.
The centaur zombie completely misses you.
The centaur zombie hits you.
You die...

######
###########....#
####.≈............#
#.................#
#......≈≈≈≈≈......#
#.....≈≈≈#≈##≈....#
#..@....#≈≈≈≈≈§...#
#..Z....≈≈_.≈#≈≈≈.#
#......≈#≈8>≈≈≈§≈.##
#......§#≈§≈≈≈≈≈....
#.....≈≈≈#+≈≈#§.....
#......≈≈≈.≈..[...##
..................#.
..##....(.........##.
.#....# #.


You could see a centaur zombie.

Vanquished Creatures
  Sigmund (D:2)
  A hound (D:4)
  2 orc priests (D:5)
  An orc wizard (D:5)
  Terence (D:2)
  Natasha (thrice) (D:2)
  A worker ant (D:4)
  5 gnolls
  An adder (D:2)
  3 oozes (D:2)
  3 dart slugs
  5 leopard geckos
  3 orcs
  6 giant cockroaches
  3 hobgoblins
  11 jackals
  A ball python (D:2)
  3 bats (D:1)
  2 frilled lizards
  8 goblins
  8 kobolds
  9 rats
81 creatures vanquished.

Notes
Turn   | Place    | Note
-------+----------+-------------------------------------------
     0 | D:1      | Amnesiac the Deep Elf Ice Elementalist began the quest for the Orb.
     0 | D:1      | Reached XP level 1. HP: 10/10 MP: 6/6
    77 | D:1      | Reached skill level 3 in Dodging
    77 | D:1      | Reached XP level 2. HP: 16/16 MP: 0/8
   132 | D:1      | Reached skill level 1 in Fighting
   421 | D:1      | Reached XP level 3. HP: 9/20 MP: 6/9
   426 | D:1      | Learned a level 3 spell: Ozocubu's Armour
   836 | D:2      | Reached skill level 4 in Dodging
   872 | D:2      | Found a shattered altar of Ashenzari.
   896 | D:2      | Noticed Sigmund
   898 | D:2      | Reached XP level 4. HP: 26/26 MP: 5/10
  1054 | D:2      | Killed Sigmund
  1054 | D:2      | Reached skill level 5 in Dodging
  1054 | D:2      | Reached XP level 5. HP: 12/32 MP: 1/11
  1066 | D:2      | Noticed Terence
  1256 | D:2      | Killed Terence
  1325 | D:2      | Reached XP level 6. HP: 37/37 MP: 9/12
  1337 | D:2      | Learned a level 4 spell: Throw Icicle
  1341 | D:2      | Noticed Natasha
  1353 | D:2      | Killed Natasha
  1498 | D:2      | Noticed Natasha
  1513 | D:2      | Killed Natasha
  1581 | D:2      | Noticed Natasha
  1590 | D:2      | Killed Natasha
  1590 | D:2      | Reached skill level 6 in Dodging
  1663 | D:4      | Noticed Duvessa
  1663 | D:4      | Noticed Dowan
  1663 | D:4      | Noticed Amnesiac's ghost (amateur DEIE)
  1852 | D:3      | Noticed sergedm's ghost (weakling DECj)
  2252 | D:5      | Entered Level 5 of the Dungeon
  2336 | D:6      | Found a stormy altar of Qazlal.
  2561 | D:5      | Reached XP level 7. HP: 24/43 MP: 7/13
  2581 | D:5      | HP: 2/43 [orc wizard/puff of flame (5)]
  2582 | D:6      | Slain by a centaur zombie

Vault maps used:
D:1:      onia_arrival_larder
D:2:      ashenzari_altar_1, uniq_natasha, uniq_sigmund, uniq_terence
D:3:      lightli_temple_of_fire, uniq_jessica
D:4:      minmay_diamond_boxcup, yredelemnul_forgotten_temple_becter,
          temple_statues, first_bread, minmay_fire_ice_demons, uniq_duvessa
D:5:      nicolae_overflow_crystal_walls, dk_noncrumbling_2,
          serial_bayou_lagoon_a
D:6:      nicolae_qazlal_general_emergency, serial_shops, shop, uniq_pikel,
          uniq_edmund

Skill      XL: |  1  2  3  4  5  6 |
---------------+-------------------+-----
Dodging        | 3 4 5 6 |  6.8
Fighting       | 1 2 3 4 |  4.2
Stealth        | |  2.4
Spellcasting   | |  3.0
Conjurations   | |  1.1
Ice Magic      | |  3.2

Action                   |  1- 3 |  4- 6 |  7- 9 || total
-------------------------+-------+-------+-------++-------
Melee: Unarmed           |     4 |     3 |       ||     7
 Cast: Freeze            |    63 |   101 |     4 ||   168
       Ozocubu's Armour  |       |     5 |       ||     5
 Stab: Sleeping          |       |     1 |       ||     1
  Eat: Chunk             |       |     4 |     1 ||     5
Armor: Robe              |    10 |    14 |       ||    24
Dodge: Dodged            |    34 |    75 |     1 ||   110

Table legend:
 A = Spawn XP
 B = Non-spawn XP
 C = Spawn XP percentage of total XP
 D = Spawn monster count
 E = Non-spawn monster count
 F = Spawn count percentage of total count
 G = Total turns spent on level
                    A         B        C        D         E        F      G
               +---------+---------+-------+---------+---------+-------+---------
         Total |       0 |     786 |   0.0 |       0 |      81 |   0.0 |  2582
               +---------+---------+-------+---------+---------+-------+---------
           D:1 |       0 |      66 |   0.0 |       0 |      30 |   0.0 |   668
           D:2 |       0 |     436 |   0.0 |       0 |      30 |   0.0 |   942
           D:3 |       0 |      55 |   0.0 |       0 |       9 |   0.0 |   272
           D:4 |       0 |      99 |   0.0 |       0 |       7 |   0.0 |   370
           D:5 |       0 |     130 |   0.0 |       0 |       5 |   0.0 |   296
               +---------+---------+-------+---------+---------+-------+---------
